 Dungeon Crawl Stone Soup version 0.17.1-3-g152610e (webtiles) character file.

969 Gargoyl the Covered (level 7, -1/82 HPs)
             Began as a Demonspawn Abyssal Knight on Mar 9, 2016.
             Was a Priest of Lugonu.
             Slain by a giant frog (5 damage)
             ... on level 6 of the Dungeon.
             The game lasted 00:09:47 (5710 turns).

Gargoyl the Covered (Demonspawn Abyssal Knight)     Turns: 5710, Time: 00:09:47

Health: -1/82      AC: 11    Str: 19    XL:     7   Next: 94%
Magic:  9/9        EV:  6    Int: 14    God:    Lugonu [***...]
Gold:   200        SH:  9    Dex: 12    Spells: 0 memorised, 6 levels left

rFire  x . .     SeeInvis .     b - +1 war axe
rCold  + . .     Clarity  .     t - +0 chain mail
rNeg   + . .     SustAt   .     o - +0 shield
rPois  .         Gourm    .     (no helmet)
rElec  .         Spirit   .     (no cloak)
rCorr  .         Warding  .     (no gloves)
rMut   .         Stasis   .     (no boots)
MR     .....                    f - amulet of rage
Stlth  ..........               s - ring of positive energy
                                l - ring of ice

@: berserking, very quick, not resistant to hostile enchantments, extremely
unstealthy
A: claws 1, thin metallic scales 1, nightstalker 1
a: Depart the Abyss, Bend Space, Banish, Renounce Religion, Evoke Berserk Rage


You were on level 6 of the Dungeon.
You worshipped Lugonu.
Lugonu was most pleased with you.
You were not hungry.

You visited 1 branch of the dungeon, and saw 5 of its levels.
You visited the Abyss 1 time.

You collected 200 gold pieces.

Inventory:

Hand Weapons
 b - a +1 war axe (weapon)
 u - a +0 flail
Missiles
 m - 8 tomahawks
 p - 8 javelins (quivered)
Armour
 o - a +0 shield (worn)
 t - a +0 chain mail (worn)
Rods
 n - a -2 rod of shadows (10/10)
   (You found it on level 4 of the Dungeon)
Jewellery
 f - an amulet of rage (around neck)
 g - an uncursed ring of flight
 l - a ring of ice (left claw)
 s - a ring of positive energy (right claw)
Scrolls
 c - a scroll of fear {unknown}
 d - 4 scrolls of identify
 j - 3 scrolls of remove curse
 k - 2 scrolls of amnesia
Potions
 a - a potion of poison
 e - a potion of magic
 i - 2 potions of curing
Comestibles
 h - 4 meat rations
 q - 3 slices of pizza
 w - a bread ration


   Skills:
 + Level 4.5 Fighting
 + Level 4.0 Axes
 + Level 4.7 Armour
 + Level 2.8 Dodging
 + Level 0.8 Stealth
 + Level 3.2 Shields
 + Level 3.6 Invocations


You had 6 spell levels left.
You didn't know any spells.

Dungeon Overview and Level Annotations

Branches:
Dungeon (6/15)             Temple (0/1) D:4

Altars:
Ru

Shops:
D:6 :


Innate Abilities, Weirdness & Mutations

You have sharp fingernails.
You are partially covered in thin metallic scales (AC +2).
You are slightly more attuned to the shadows.


Message History

You block the giant frog's attack.
You hit the giant frog.
The giant frog is severely wounded.
You block the giant frog's attack. x2
You closely miss the giant frog.
The giant frog is severely wounded.
The giant frog hits you but does no damage.
The giant frog hits you.
* * * LOW HITPOINT WARNING * * *
Press: ? - help, Shift-Dir - straight line, f - giant frog
Aim: a giant frog (severely wounded, chance to defeat MR: 70%)
Okay, then.
Unknown command.
A red film seems to cover your vision as you go berserk!
You feel yourself moving faster!
You feel mighty! You block the giant frog's attack.
You closely miss the giant frog.
The giant frog is severely wounded.
The giant frog hits you.
You die...

.### ........ ...
....... .##### .....#
...... ....+ ....#.#
...##### ....#.#
#.....Y. .####.# #o#
.##...# # #F# .##...#
# #(#@##### ..#...#
#.#.#.#...
..#...######.#.#.#.#
..#...##...........#
..#...##...........#
..#รท..##)).........#
.......')..........#
.....###)..........#
.....'.+...........#


You could see a giant frog and an orc.

Vanquished Creatures
  Sigmund (D:6)
  2 ice beasts (D:6)
  A hound (D:4)
  A giant frog zombie (D:6)
  An orc priest (D:4)
  Jessica (D:2)
  A worker ant (D:4)
  2 iguanas (D:4)
  5 orc wizards
  A worker ant zombie (D:4)
  5 adders
  5 gnolls
  A shadow imp (D:3)
  2 oozes (D:3)
  An adder skeleton (D:4)
  A giant gecko (D:3)
  20 orcs
  A ball python (D:2)
  13 bats
  4 giant cockroaches
  8 goblins
  10 hobgoblins
  5 quokkas
  A giant gecko zombie (D:1)
  3 giant newts (D:3)
  7 jackals
  5 kobolds
  A quokka zombie (D:1)
  5 rats
114 creatures vanquished.

Vanquished Creatures (others)
  An ogre (D:4)
  An orc priest (D:4)
2 creatures vanquished.

Grand Total: 116 creatures vanquished

Notes
Turn   | Place    | Note
--------------------------------------------------------------
     0 | Abyss:1  | Gargoyl the Demonspawn Abyssal Knight began the quest for the Orb.
     0 | Abyss:1  | Reached XP level 1. HP: 18/18 MP: 2/2
    37 | D:1      | Escaped the Abyss
   495 | D:1      | Reached * piety under Lugonu
   495 | D:1      | Gained mutation: You are partially covered in thin metallic scales (AC +2). [demonic ancestry]
   495 | D:1      | Reached XP level 2. HP: 20/24 MP: 4/4
   622 | D:1      | Reached skill level 1 in Dodging
  1354 | D:2      | Reached XP level 3. HP: 27/29 MP: 5/5
  1454 | D:2      | Found a sacrificial altar of Ru.
  1502 | D:2      | Gained mutation: You are slightly more attuned to the shadows. [demonic ancestry]
  1502 | D:2      | Reached XP level 4. HP: 30/35 MP: 6/6
  1850 | D:2      | Noticed Jessica
  1874 | D:2      | Killed Jessica
  2035 | D:2      | Reached skill level 1 in Shields
  2251 | D:2      | Reached ** piety under Lugonu
  2453 | D:3      | Gained mutation: You have sharp fingernails. [demonic ancestry]
  2453 | D:3      | Reached XP level 5. HP: 36/41 MP: 7/7
  3238 | D:3      | Reached *** piety under Lugonu
  3324 | D:4      | Noticed an ogre
  3328 | D:4      | Banished an ogre
  3622 | D:4      | Reached XP level 6. HP: 47/47 MP: 8/8
  4604 | D:4      | Reached skill level 4 in Fighting
  4604 | D:4      | Reached XP level 7. HP: 19/54 MP: 7/9
  5239 | D:4      | You fall through a shaft for 2 floors!
  5239 | D:6      | Noticed Sigmund
  5256 | D:6      | Killed Sigmund
  5329 | D:6      | Found Wetre's Book Shop.
  5710 | D:6      | Slain by a giant frog

Action                   |  1- 3 |  4- 6 |  7- 9 || total
-------------------------+-------+-------+-------++-------
Melee: Hand axe          |   116 |     9 |       ||   125
       War axe           |       |   317 |   109 ||   426
Throw: Tomahawk          |     2 |       |       ||     2
Invok: Depart the Abyss  |     1 |       |       ||     1
       Banish            |       |     2 |       ||     2
 Abil: Evoke Berserk Rag |       |       |     1 ||     1
  Use: Potion            |     2 |       |     5 ||     7
       Scroll            |       |     8 |       ||     8
 Stab: Paralysed         |     1 |       |       ||     1
  Eat: Bread ration      |     1 |       |       ||     1
       Chunk             |       |     8 |     5 ||    13
